[Event "41. Olympiad Tromso 2014 Open"]
[Site "TromsÅ™"]
[Date "2014.08.08"]
[Round "6"]
[White "Urkedal, Frode"]
[Black "Navara, David"]
[Result "0-1"]
[WhiteElo "2500"]
[BlackElo "2716"]
[ECO "D39k"]
[EventDate "2014.??.??"]
[Annotator "Cvek,R"]
[PlyCount "34"]
[EventCountry "NOR"]
[WhiteTeam "Norway"]
[BlackTeam "Czech Republic"]
[WhiteTeamCountry "NOR"]
[BlackTeamCountry "CZE"]
[TimeControl "40/5400+30:1800+30"]

1. d4 Nf6 2. c4 e6 3. Nf3 d5 4. Nc3 Bb4 5. Bg5 dxc4 6. e4 c5 7. Bxc4 cxd4 
8. Nxd4 Bxc3+ 9. bxc3 Qa5 {9 David svého soupeÅ™e urÄ�itÄ› pÅ™ekvapil, 
protoÅ¾e ten, v této známé teoretické pozici, ztratil pÅ™es jedenáct minut
na svÅ¯j tah.} 10. Bb5+ Nbd7 11. Bxf6 Qxc3+ 12. Kf1 gxf6 13. Nxe6? {
ZávaÅ¾ná chyba! Na první pohled vypadá úÅ¾asnÄ›, ale po dalÅ¡ím Ä�erném 
tahu slunce zajde:} 13. ... Qe5! {40 PÅ™esnÄ› tak. Nyní musí bílý jezdcem 
pryÄ� a Ä�erný získá náskok ve vývinu.} ( 13. ... fxe6?? 14. Rc1 Qe5 15. 
Rxc8+ Rxc8 16. Qxd7+ +- ) 14. Nd4 O-O {282 Bílý má nyní hromadu rÅ¯zných 
tahÅ¯, ale stojí hÅ¯Å™e. Jde o to, Å¾e Ä�erný má daleko lepÅ¡í vývin. 
ÄŒerný má moÅ¾nost jako ...Jc5 s ... Vd8, navíc je pÄ›Å¡ec e4 slabý. 
Bílé figurky Jd4 a Sb5 rovnÄ›Å¾ nejsou dobÅ™e postaveny a král na f1 jenom
potvrzuje hodnocení pozice: -/+ (Ä�erný stojí lépe) .} 15. Qd3 {Tato 
pozice se vyskytla v partii Ponomariov - IvanÄ�uk z roku 2011, partie je 
kvalitnÄ› komentována velmistrem Krasenkowem - v Megadatabázi.} 15. ... 
Kh8!? {David pÅ™iÅ¡el s dobrou novinkou. Asi netuÅ¡il, Å¾e vyhraje nyní 
velmi rychle:} ( 15. ... Nc5 16. Qg3+ Kh8 17. Qxe5 fxe5 {získal velmistr 
IvanÄ�uk lepÅ¡í koncovku, kterou dovedl do vítÄ›zného konce.} ) 16. Re1?? 
{To je naprostý kolaps, pÅ™i troÅ¡e fantasie jde pÅ™ipodobnit ke vzniku 
Ä�erné díry aneb bílá pozice se zhroutí nikoliv do bodu, ale do nuly. Tato
pozice je na diagram: najdete zisk figury?} ( 16. Bxd7 Bxd7 {s jasnou 
výhodou Ä�erného.} ) 16. ... Nc5 17. Qe3 ( 17. Qc4 a6 18. Ba4 b5 -+ ) 
17. ... Ne6! {se ziskem figury, bílý se vzdal.} 0-1

[Event "41st Olympiad Tromso 2014 Open""]
[Site "TromsÅ™"]
[Date "2014.08.08"]
[Round "6"]
[White "Tari, Aryan"]
[Black "Hracek, Zbynek"]
[Result "0-1"]
[WhiteElo "2440"]
[BlackElo "2634"]
[ECO "C84e"]
[EventDate "2014.??.??"]
[Annotator "Cvek,R"]
[PlyCount "46"]
[EventCountry "NOR"]
[WhiteTeam "Norway"]
[BlackTeam "Czech Republic"]
[WhiteTeamCountry "NOR"]
[BlackTeamCountry "CZE"]
[TimeControl "40/5400+30:1800+30"]

1. e4 e5 2. Nf3 Nc6 3. Bb5 a6 4. Ba4 Nf6 5. O-O Be7 6. d3 d6 7. c4!? {
Zajímavý tah. Trochu strategicky riskantní rozhodnutí - slabé pole d4, ale
bílý získává prostor a kontrolu pole d5.} 7. ... O-O 8. Be3?! {To je dost 
sporný tah. Mladý Nor ho zahrál docela rychle, nicménÄ› po:} 8. ... Ng4! 
9. Bc1 f5 {Je zjevné, Å¾e Ä�erný má iniciativu. PrávÄ› tah ...f5 je 
klíÄ�ový strategický prvek pro podobné struktúry. ÄŒerný napadá bílý 
stÅ™ed a hledá zde aktivní hru. Å¾e partii rozhodne útok na krále se zdá 
nyní jako sen...} 10. h3 Nf6 11. Be3?! {Tak trochu mi to pÅ™ijde jako 
chování kojence, aneb já to prostÄ› chci! Divím se nakolik bílý lpÄ›l na 
postavení stÅ™elce na e3. NejdÅ™íve díky tahu 8.Se3 Ä�erný získal tlak na 
centrum bílého (iniciativu) a nyní získá Ä�erný hrozivý útok.} 11. ... f4 
12. Bc1 g5!! {Vynikající stategické Å™eÅ¡ení. StÅ™ed je uzavÅ™en a Ä�erný 
se okamÅ¾itÄ› pouÅ¡tí do útoku - bílý zaostal ve vývinu.} 13. Nxg5 {Bílý 
je nucen pÄ›Å¡ce vzít, jinak by Ä�erný sám zahrál ...g4 s naprostou 
dominancí.} 13. ... Qe8 {Pole g6 je ideální pro Ä�ernou dámu.} 14. Nf3 Kh8
15. Kh1 Rg8 {PoÄ�ítaÄ� mi zde hlásí 0,00 ale právÄ› v podobných pozicích 
není nejlepÅ¡ím rádcem. ÄŒerný má hrozivou kompenzaci, má aktivní figurky.
Co má bílý dÄ›lat proti jednoduchému plánu Ä�erného - pÅ™esun vÅ¡ech(!) 
figur na královské kÅ™ídlo?} 16. Rg1 Qh5 17. Bxc6? {Nyní bílý s rámusem 
prohraje.} ( 17. Nh2 {bylo lepÅ¡í, ale ani zde bílý nebude mít klid:} 
17. ... Bg4! 18. f3 ( 18. Nxg4 Nxg4 19. Qf1 f3 {s rozhodujícím útokem} ) (
18. hxg4 Nxg4 {se ziskem dámy} ) 18. ... Be6!? {Dobré bylo i 18...Sxh3. 
Nyní Ä�erný zdvojí vÄ›Å¾e na g sloupci se straÅ¡ným útokem.} ) 17. ... 
Bxh3! {pÄ›kný pÅ™íklad na zanedbání vývinu} 18. gxh3 Rxg1+ {12} 19. Qxg1 (
19. Kxg1 Qxh3 20. Bd5 Nxd5 -+ {s...Vg8} ) 19. ... Qxf3+ 20. Kh2 ( 20. Qg2 
Qd1+ 21. Qg1 Qxd3 22. Bxb7 Rg8 {Ä�erný vyhraje} ) 20. ... Rg8 21. Nd2 Qh5 
22. Qxg8+ Nxg8 23. Bxb7 Qe2 {StraÅ¡ný debakl a vynikající výkon naÅ¡eho 
velmistra.} 0-1

[Event "41st Olympiad Tromso 2014 Open"s"]
[Site "TromsÅ™"]
[Date "2014.08.08"]
[Round "6"]
[White "Mamedyarov, Shakhriyar"]
[Black "Jobava, Baadur"]
[Result "1-0"]
[WhiteElo "2743"]
[BlackElo "2713"]
[ECO "A53"]
[EventDate "2014.??.??"]
[Annotator "Cvek,R"]
[PlyCount "65"]
[EventCountry "NOR"]
[WhiteTeam "Azerbaijan"]
[BlackTeam "Georgia"]
[WhiteTeamCountry "AZE"]
[BlackTeamCountry "GEO"]
[TimeControl "40/5400+30:1800+30"]

{Dalo se Ä�ekat, Å¾e tato partie bude plná Å¡Å¥ávy. Oba borci mÄ› 
nezklamali. PojÄ�me se na tuto pÅ™estÅ™elku tak trochu podívat.} 
1. d4 d6 2. Nf3 Nf6 3. c4 c6 4. Nc3 Bf5!? {Oblíbený tah gruzínského bijce.
Je s podivem, Å¾e Jobava s takovým "kÅ™ivým" zahájením dosahuje tak 
skvÄ›lých výsledkÅ¯. Bude to ale urÄ�itÄ› tím, Å¾e...no prostÄ› umí hrát 
Å¡achy :-)} 5. d5!? h6 6. g3 c5 7. Nh4 Bh7 8. f4 {Následující tah 
Ä�erného bych asi v Å¾ivotÄ› neuhodl:} 8. ... Rg8!? {To je prostÄ› Jobava!
Nejde jenom o to udÄ›lat úchylný tah a bavit se tím, ale jde o strategicky
zajímavý tah/myÅ¡lenku. ÄŒerný ví, Å¾e krále schová na dlouhou stranu a 
bílý na tu krátkou. TakÅ¾e uÅ¾ dopÅ™edu pÅ™ipravuje vÄ›Å¾ na steÄ� g 
pÄ›Å¡ce. NicménÄ› byly tu i stÅ™ízlivÄ›jÅ¡í tahy...} 9. Nf3 {brání 
tahu...g5} 9. ... Ne4?! {To uÅ¾ je sporné rozhodnutí, protoÅ¾e bílý po:} (
9. ... Nbd7 10. Bh3 Qa5 11. O-O O-O-O {vypadá lépe, neÅ¾ tomu bylo v 
partii} ) 10. Qc2 {jezdce s výhodou vyÅ¾ene} 10. ... Qa5 11. Bd2 {Ä�erný 
musí jezdcem odejít z aktivní pozice} 11. ... Ng5 12. Qb3! {SprávnÄ›, zde 
dáma bude stát ideálnÄ›.} 12. ... Nxf3+ 13. exf3 Nd7 14. Bh3 {Mamedyarov 
nestojí o pÄ›Å¡ce a radÄ›ji dokonÄ�uje vývin, aÄ�koliv Houdini (zÅ™ejmÄ› i
Viktor KorÄ�noj) by pÄ›Å¡ce sebral.} ( 14. Qxb7 Rb8 15. Qc6 Rxb2 16. Rd1! 
{A koncepce Ä�erného nevypadá nikterak svÄ›tle.} ) 14. ... O-O-O 15. Nb5 
Qa6 {20} 16. O-O g5! â‡„â‡„ {Vznikla nám naprosto nepÅ™ehledná, chaotická 
pozice. Asi oba hráÄ�i byli spokojeni, zatímco kapitáni uÅ¾ tolik ne - 
jsou radÄ›ji, kdyÅ¾ vÄ›dí jak si pozice stojí. Ale co zde? Dokonalý 
trojtip.} 17. Rfe1 Kb8 18. a4 Nf6 19. a5 g4 20. fxg4 Nxg4 21. Qa4! {
Mamedyarov vymyslel originální plán - chce zahrát b4 a nÄ›kdy hrozit 
dokonce b5 a chytit Ä�ernou dámu.} 21. ... h5? {Jobava není typický 
profylaktik, radÄ›ji se dívá na svojí stranu, kde útoÄ�í.} 22. b4 h4 23. 
Rac1 {KoneÄ�nÄ› uÅ¾ hrozí 23. Jc7! s b5 a Ä�erná dáma je chycena. Co s 
tím dÄ›lat?} ( 23. Nc7? {hned neÅ¡lo pro:} 23. ... Qxc4 -+ ) 23. ... cxb4 
( 23. ... hxg3? 24. Nc7 Kxc7 25. b5 {Ä�erný nic nevykouzlí, bílý stojí na 
výhru} ) 24. Bxg4! Rxg4 25. Be3 b6 26. Qd1! {visí vÄ›Å¾ na g4} 26. ... Qc8
( 26. ... Rg8 27. axb6 {s rozhodujícím útokem} ) 27. axb6 {330 Braní 
jezdcem na a7 bylo silnÄ›jÅ¡í, ale ani braní na b6 není pro Ä�erného nic 
hezkého. ÄŒlovÄ›k nemusí být Å¡achový génius, aby pochopil, Å¾e útok 
bílého bude (a také je) rychlejÅ¡í.} 27. ... hxg3 28. h3 Rh4 29. Qa4 {Toto
rozhoduje. Bílých figur je pÅ™íliÅ¡ hodnÄ› na Ä�erného krále.} 29. ... Qd7
30. c5 Rxh3 31. f5! {Mamedyarov je pozorný.} ( 31. c6?? Rh1+ 32. Kxh1 Qh3+
33. Kg1 Qh2+ 34. Kf1 Bd3+ 35. Re2 Qxe2+ 36. Kg1 Qh2# ) 31. ... Bxf5 ( 
31. ... Qxf5 32. Qxa7+ Kc8 33. Qc7# ) 32. c6 a5!? 33. Qxa5 1-0